AoeStats
← JamesNewstedd

Arena

509966631Analyzed
4v4 RM · 2d ago on Sep 28, 2026· 46m 38s· 8 players
Game mode
Random Map
Map size
Large (8 player)
Population
200
Speed
Normal
Resources
Standard
Victory
Conquest
Starting age
Dark Age
Ending age
Imperial Age
RankedLock teamsTeams togetherTeam positionsShared explorationLock speedFull tech treeHidden civsTurbo modeCheats
Victory
Defeat
🇮🇹 Burmese · Italy
1705
+9
🇮🇹 Franks · Italy
1690
+9
🇮🇹 Shu · Italy
1652
+11
🇭🇰 Malians · Hong Kong SAR China
1652
+11
🇩🇪 Mapuche · Germany
1644
-15
🇩🇪 Byzantines · Germany
1518
-9
🇩🇪 Tatars · Germany
1515
-9
🇩🇪 Saracens · Germany
1443
-7
op
10:04 Feudal Age
13:50 Castle Age
12:12 Double-Bit Axe
12:31 Horse Collar
15:39 Bow Saw
16:31 Wheelbarrow
19:10 Loom
21:57 Heavy Plow
23:40 Gold Mining
23:54 Stone Mining
28:17 Imperial Age
26:43 Hand Cart
26:14 Town Watch
27:03 Scale Mail Armor
27:13 Forging
28:05 Squires
27:50 Arson
27:27 Man-at-Arms
29:00 Chain Mail Armor
29:20 Iron Casting
28:29 Elite Gbeto
30:22 Conscription
30:38 Plate Mail Armor
29:41 Long Swordsman
29:45 Pikeman
32:09 Crop Rotation
32:15 Gold Shaft Mining
32:16 Stone Shaft Mining
31:16 Two-Handed Swordsman
33:22 Champion
36:42 Scale Barding Armor
36:27 Fletching
36:58 Farimba
38:37 Bloodlines
38:27 Husbandry
37:48 Light Cavalry
39:06 Chain Barding Armor
39:07 Cavalier
41:05 Plate Barding Armor
41:38 Caravan
41:48 Guilds
41:52 Fletching
42:02 Padded Archer Armor
43:18 Bodkin Arrow
43:17 Heavy Camel Rider
45:16 Coinage
47:02 Banking
Dott_Berlu
11:20 Feudal Age
14:59 Castle Age
13:14 Horse Collar
15:46 Heavy Plow
16:46 Wheelbarrow
20:53 Hand Cart
21:03 Gold Mining
22:44 Husbandry
23:08 Scale Barding Armor
23:23 Bloodlines
25:44 Chain Barding Armor
27:31 Loom
30:35 Imperial Age
29:25 Light Cavalry
31:22 Gold Shaft Mining
30:38 Stone Mining
30:59 Forging
31:49 Conscription
32:09 Plate Barding Armor
31:13 Cavalier
32:29 Elite Battle Elephant
34:18 Howdah
34:52 Squires
34:13 Pikeman
35:16 Scale Mail Armor
35:52 Iron Casting
35:29 Halberdier
36:54 Chain Mail Armor
37:40 Blast Furnace
38:05 Plate Mail Armor
38:04 Fletching
38:26 Masonry
38:37 Ballistics
39:17 Chemistry
39:30 Manipur Cavalry
38:54 Hussar
39:31 Bodkin Arrow
41:00 Architecture
40:46 Caravan
41:17 Coinage
40:58 Guilds
46:42 Banking
MrDJM
10:32 Feudal Age
11:46 Horse Collar
14:31 Castle Age
12:44 Double-Bit Axe
15:40 Bow Saw
15:30 Heavy Plow
20:35 Wheelbarrow
20:19 Fletching
22:20 Wheelbarrow
21:33 Loom
26:42 Imperial Age
24:34 Padded Archer Armor
24:36 Bodkin Arrow
25:08 Ballistics
25:16 Crossbowman
26:02 Thumb Ring
26:50 Padded Archer Armor
27:25 Bracer
28:31 Chemistry
29:49 Leather Archer Armor
30:51 Arbalester
33:31 Ring Archer Armor
39:10 Siege Engineers
41:37 Bolt Magazine
43:27 Treadmill Crane
44:39 Guilds
45:49 Conscription
46:03 Masonry
47:28 Two-Man Saw
46:28 Heavy Plow
GdR_Scugo
10:44 Feudal Age
12:31 Double-Bit Axe
14:56 Castle Age
16:00 Loom
17:13 Bow Saw
17:30 Forging
22:23 Arson
23:30 Wheelbarrow
23:05 Fletching
23:53 Iron Casting
25:18 Scale Mail Armor
26:34 Chain Mail Armor
27:05 Stone Mining
29:02 Hand Cart
28:38 Gold Mining
33:37 Imperial Age
35:53 Plate Mail Armor
36:24 Blast Furnace
35:45 Conscription
35:51 Conscription
36:10 Husbandry
36:50 Scale Barding Armor
36:06 Cavalier
38:10 Gold Shaft Mining
37:12 Paladin
38:57 Chain Barding Armor
40:18 Plate Barding Armor
40:01 Caravan
43:27 Blast Furnace
44:12 Chivalry
Scol1ng
11:09 Feudal Age
12:09 Double-Bit Axe
14:50 Castle Age
13:29 Horse Collar
15:48 Bow Saw
16:00 Heavy Plow
18:51 Loom
20:10 Town Watch
21:28 Gold Mining
23:09 Wheelbarrow
23:02 Stone Mining
25:05 Gold Shaft Mining
28:37 Imperial Age
26:37 Fletching
27:43 Stone Shaft Mining
27:15 Padded Archer Armor
27:38 Ballistics
27:51 Bodkin Arrow
28:39 Stone Shaft Mining
28:42 Leather Archer Armor
29:44 Hand Cart
30:58 Chemistry
30:30 Conscription
29:46 Elite Bolas Rider
32:10 Malon
33:20 Ring Archer Armor
36:19 Butalmapu
35:42 Pikeman
37:50 Scale Mail Armor
38:00 Forging
38:48 Coinage
38:10 Halberdier
40:23 Crop Rotation
40:13 Chain Mail Armor
40:08 Forging
40:40 Masonry
43:31 Architecture
45:17 Caravan
45:39 Siege Engineers
Ned Stark's Bastard
10:39 Feudal Age
14:28 Castle Age
12:25 Double-Bit Axe
12:22 Horse Collar
13:24 Loom
16:11 Bow Saw
20:37 Gold Mining
21:06 Fletching
22:47 Stone Mining
25:16 Bodkin Arrow
27:19 Wheelbarrow
26:55 Heavy Plow
33:46 Imperial Age
31:52 Padded Archer Armor
34:34 Leather Archer Armor
34:32 Bloodlines
34:22 Husbandry
35:28 Chemistry
35:23 Bracer
35:54 Ring Archer Armor
40:59 Hand Cart
42:26 Elite Skirmisher
43:48 Ring Archer Armor
47:07 Ballistics
JamesNewstedd
11:34 Feudal Age
12:50 Double-Bit Axe
12:58 Horse Collar
15:37 Castle Age
16:36 Bow Saw
17:20 Wheelbarrow
16:46 Heavy Plow
23:56 Hand Cart
24:21 Caravan
25:18 Loom
25:27 Gold Mining
29:52 Imperial Age
28:02 Stone Mining
28:49 Gold Shaft Mining
30:33 Scale Barding Armor
30:18 Elite Cataphract
33:13 Chemistry
32:33 Ballistics
33:51 Scale Barding Armor
33:50 Fletching
35:23 Two-Man Saw
35:01 Stone Shaft Mining
34:15 Crossbowman
35:00 Thumb Ring
34:16 Elite Skirmisher
35:13 Forging
34:58 Bodkin Arrow
35:27 Chain Barding Armor
35:05 Bodkin Arrow
35:11 Padded Archer Armor
34:54 Treadmill Crane
36:32 Conscription
36:23 Logistica
38:24 Plate Barding Armor
39:19 Iron Casting
38:52 Thumb Ring
40:01 Scale Mail Armor
40:43 Crop Rotation
42:43 Hoardings
43:22 Chain Mail Armor
43:42 Husbandry
43:03 Light Cavalry
45:13 Squires
45:48 Plate Mail Armor
105er.DarkSheep
3:57 Loom
11:19 Feudal Age
15:14 Castle Age
13:30 Double-Bit Axe
14:05 Horse Collar
16:21 Bow Saw
17:55 Wheelbarrow
19:53 Loom
21:17 Loom
24:17 Gold Mining
24:18 Stone Mining
25:06 Hand Cart
26:12 Gold Shaft Mining
26:21 Heavy Plow
27:42 Fletching
27:59 Scale Barding Armor
30:46 Imperial Age
29:21 Bloodlines
29:12 Husbandry
29:33 Chain Barding Armor
29:23 Forging
30:34 Town Watch
30:56 Elite Mameluke
32:13 Conscription
33:11 Iron Casting
34:06 Plate Barding Armor
35:14 Blast Furnace
35:15 Fortified Wall
35:15 Masonry
36:01 Bimaristan
36:27 Hoardings
35:54 Bodkin Arrow
36:21 Ballistics
35:54 Light Cavalry
37:01 Caravan
39:31 Two-Man Saw
40:29 Chemistry
40:11 Hussar
45:48 Counterweights
46:19 Onager
Connection lost

Rejoining the realm…

Still unreachable

The connection could not be restored.

Session expired

The server has moved on; the page needs a fresh start.